 Dungeon Crawl Stone Soup version 0.28.0-43-g3370ac3207 (webtiles) character file.

Game seed: 6677620630397611280

1366 Soldner the Cleaver (level 8, -3/69 HPs)
             Began as a Hill Orc Fighter on Mar 11, 2022.
             Was an Initiate of Makhleb.
             Slain by a boulder beetle (33 damage)
             ... on level 6 of the Dungeon.
             The game lasted 00:41:15 (6011 turns).

Soldner the Cleaver (Hill Orc Fighter)              Turns: 6011, Time: 00:41:15

Health: -3/69      AC: 14    Str: 21    XL:     8   Next: 65%
Magic:  8/8        EV: 21    Int:  8    God:    Makhleb [......]
Gold:   294        SH:  4    Dex: 10    Spells: 7/7 levels left

rFire   . . .      SeeInvis +   a - +1 war axe (vorpal)
rCold   . . .      Faith    .   c - +0 buckler
rNeg    + . .      Spirit   .   m - +0 plate armour
rPois   .          Reflect  .   (no helmet)
rElec   .          Harm     .   (no cloak)
rCorr   .          Rampage  .   d - +0 pair of gloves
Will    .....                   (no boots)
Stlth   ..........              j - amulet of the acrobat
HPRegen 0.21/turn               o - ring of positive energy
MPRegen 0.11/turn               (no ring)

@: marked, acrobatic
A: see invisible, shaggy fur 1
a: Renounce Religion


You were on level 6 of the Dungeon.
You worshipped Makhleb.
Makhleb was noncommittal.
You visited 1 branch of the dungeon, and saw 6 of its levels.

You collected 294 gold pieces.

Inventory:

Hand Weapons
 a - a +1 vorpal war axe (weapon)
 i - a +1 whip of venom
Armour
 b - a +1 scale mail
 c - a +0 buckler (worn)
 d - a +0 pair of gloves (worn)
 f - a +0 ring mail
 h - a +3 ring mail of fire resistance
 m - a +0 plate armour (worn)
Jewellery
 j - an amulet of the acrobat (around neck)
 o - a ring of positive energy (left hand)
Wands
 g - a wand of paralysis (8)
 k - a wand of mindburst (24)
Scrolls
 l - 3 scrolls of identify
Potions
 e - a potion of degeneration {unknown}


   Skills:
 + Level 5.4 Fighting
 * Level 11.2 Axes
 + Level 5.4 Armour
 + Level 1.2 Dodging
 + Level 0.2 Stealth
 + Level 3.9 Shields
 + Level 0.7 Invocations


You had 7 spell levels left.
You didn't know any spells.
Your spell library contained the following spells:

 Spells                   Type           Power      Damage    Failure   Level
 Magic Dart               Conj           0%         1d3       100%        1
 Sandblast                Erth           0%         2d4       100%        1
 Call Imp                 Summ           0%         N/A       100%        2
 Passwall                 Tmut/Erth      0%         N/A       100%        2
 Mephitic Cloud           Conj/Pois/Air  0%         N/A       100%        3
 Stone Arrow              Conj/Erth      0%         3d7       100%        3


Dungeon Overview and Level Annotations

Branches:
Dungeon (6/15)
 Temple: D:4-7

Altars:
Cheibriados
Makhleb
Sif Muna
Xom

Annotations:
D:3 Sigmund


Innate Abilities, Weirdness & Mutations

You have supernaturally acute eyesight. (SInv)
You are covered in fur. (AC +1)


Message History

You hit the centaur zombie.
The centaur zombie is severely damaged.
You block the centaur zombie's attack.
The centaur zombie kicks you but does no damage.
The centaur zombie hits you but does no damage.
The centaur zombie kicks you.
You hit the centaur zombie.
The centaur zombie is severely damaged.
An orc warrior comes into view. It is wielding a +0 glaive.
The centaur zombie hits you but does no damage.
The centaur zombie kicks you but does no damage.
You slash the centaur zombie!
You destroy the centaur zombie!
Makhleb accepts your kill.
An orc wizard comes into view. It is wielding a +0 dagger.
A boulder beetle comes into view.
The orc warrior barely misses you.
You hit the orc warrior.
The orc warrior is lightly wounded.
The orc warrior hits you but does no damage.
You slash the orc warrior!
The orc warrior is severely wounded.
A scorpion comes into view.
An orc wizard comes into view. It is wielding a +0 dagger.
An orc comes into view. It is wielding a +0 war axe.
The boulder beetle closely misses you.
A water moccasin skeleton comes into view.
The orc wizard casts a spell.
The orc wizard flickers and vanishes for a moment.
The orc warrior completely misses you.
A jelly comes into view.
Okay, then.
The boulder beetle curls into a ball and begins rolling!
The boulder beetle hits you!!!
Ouch! That really hurt!
The boulder beetle stops rolling and uncurls.
The boulder beetle curls into a ball and begins rolling!
A bullfrog comes into view.
The boulder beetle hits you!!
You die...

#..###.#####.....'....#
#......# #.....#....##
#...#..# ##########...
.........## ####
####.##.## # #. #.# #
#.##.# # #.##.######## #
.##.F.@....## #
.######B....## # # ####.#
#.○...#.##..#.#### J...
#.°.............[.
#o######.s...#.###.####..
#Zoos°°..................
#.o#######.#.##########..
#..#.[.......###########.
#..#.#####...............


You could see a boulder beetle (rolling), a bullfrog and a scorpion.

Vanquished Creatures
  A sky beast (D:5)
  A hornet zombie (D:6)
  An ogre (D:4)
  An ice beast (D:5)
  A necrophage (D:5)
  A phantom (D:6)
  A scorpion (D:4)
  A bullfrog zombie (D:5)
  A centaur zombie (D:6)
  2 jellies
  2 orc priests (D:5)
  2 hounds
  An iron imp (D:6)
  3 bullfrog skeletons (D:5)
  4 iguanas
  2 orc wizards (D:5)
  A hound skeleton (D:4)
  3 gnolls (D:3)
  12 adders
  A white imp (D:6)
  2 ufetubi (D:5)
  An adder skeleton (D:4)
  3 worms
  2 dart slugs
  14 orcs
  5 bats
  8 endoplasms
  A giant cockroach (D:1)
  5 goblins
  6 hobgoblins
  9 kobolds
  2 quokkas (D:4)
  7 ball pythons
  5 frilled lizards
  6 rats
118 creatures vanquished.

Notes
Turn   | Place    | Note
-------+----------+-------------------------------------------
     0 | D:1      | Soldner the Hill Orc Fighter began the quest for the Orb.
     0 | D:1      | Reached XP level 1. HP: 19/19 MP: 1/1
    27 | D:1      | Found a faded altar of an unknown god.
    46 | D:1      | Reached XP level 2. HP: 14/27 MP: 2/2
   218 | D:1      | Prayed at the altar of an unknown god.
   218 | D:1      | Became a worshipper of Sif Muna the Loreminder
   218 | D:1      | Reached * piety under Sif Muna
   234 | D:1      | Reached skill level 3 in Axes
   865 | D:1      | Reached XP level 3. HP: 31/33 MP: 3/3
  1506 | D:2      | Reached skill level 4 in Axes
  1783 | D:2      | Reached XP level 4. HP: 34/40 MP: 4/4
  2354 | D:3      | Reached ** piety under Sif Muna
  2359 | D:3      | Reached skill level 5 in Axes
  2360 | D:3      | Reached XP level 5. HP: 36/46 MP: 5/5
  2801 | D:3      | Noticed Sigmund
  2990 | D:4      | Reached skill level 1 in Dodging
  3069 | D:4      | Reached skill level 6 in Axes
  3069 | D:4      | Reached XP level 6. HP: 41/52 MP: 6/6
  3274 | D:4      | Found a shimmering altar of Xom.
  3462 | D:4      | Reached skill level 7 in Axes
  4198 | D:5      | Entered Level 5 of the Dungeon
  4351 | D:5      | Reached XP level 7. HP: 37/60 MP: 7/7
  4449 | D:5      | Reached skill level 8 in Axes
  4504 | D:5      | Found a burning altar of Makhleb.
  4541 | D:5      | Fell from the grace of Sif Muna
  4542 | D:5      | Became a worshipper of Makhleb the Destroyer
  4583 | D:5      | Gained mutation: You are covered in fur. (AC +1) [potion of
                  | mutation]
  4583 | D:5      | Gained mutation: You have supernaturally acute eyesight.
                  | (SInv) [potion of mutation]
  4881 | D:5      | Reached skill level 9 in Axes
  4900 | D:5      | Reached XP level 8. HP: 34/67 MP: 8/8
  4928 | D:4      | Reached skill level 10 in Axes
  5245 | D:5      | Reached skill level 5 in Armour
  5497 | D:5      | Reached skill level 5 in Fighting
  5794 | D:6      | Reached skill level 11 in Axes
  5903 | D:6      | Found a snail-covered altar of Cheibriados.
  5997 | D:6      | Noticed a boulder beetle
  6011 | D:6      | Slain by a boulder beetle

Illustrated notes

Levels and vault maps discovered:
D:1:      minmay_arrival_solitary_statue, layout_loops_ring,
          shapermc_ecumenical_altar_starsandcircs
D:2:      layout_loops_ring
D:3:      layout_loops_ring, uniq_sigmund
D:4:      layout_loops_ring, tgw_xom, minmay_unequal
D:5:      layout_basic, mainiacjoe_overflow_concentric_impassable,
          minmay_starry_boxes
D:6:      layout_loops_ring, slow_altar_2, serial_glass, glass_columns_a,
          glass_columns_c, portal_sewer_entry_d

Skill      XL: |  1  2  3  4  5  6  7  8 |
---------------+-------------------------+-----
Axes           | 3 4 5 6 7 9 11 | 11.2
Fighting       | 4 5 |  5.4
Armour         | 4 5 |  5.4
Dodging        | 1 |  1.2
Stealth        | |  0.2
Shields        | |  3.9
Invocations    | |  0.7

Action                   |  1- 3 |  4- 6 |  7- 9 || total
-------------------------+-------+-------+-------++-------
Melee: War axe           |    96 |   155 |   116 ||   367
Invok: Channel Magic     |       |     1 |       ||     1
       Renounce Religion |       |       |     1 ||     1
  Use: Scroll            |     2 |     4 |     3 ||     9
       Potion            |     1 |     1 |     5 ||     7
Armor: Scale mail        |    12 |       |       ||    12
       Ring mail         |    24 |    12 |       ||    36
       Plate armour      |       |    69 |    62 ||   131
Dodge: Dodged            |    46 |    49 |    31 ||   126
Block: Buckler           |    21 |    30 |    20 ||    71
